 Dungeon Crawl Stone Soup version 0.20-a0-214-gb74cb0e (webtiles) character file.

12 deepsabbath the Firebug (level 2, 0/15 HPs)
             Began as a Deep Elf Fire Elementalist on Nov 27, 2016.
             Slain by a kobold
             ... wielding a +0 short sword
              (2 damage)
             ... on level 1 of the Dungeon.
             The game lasted 00:01:37 (774 turns).

deepsabbath the Firebug (Deep Elf Fire Elementalist) Turns: 774, Time: 00:01:37

Health: 0/15       AC:  8    Str:  5    XL:     2   Next: 20%
Magic:  8/8        EV:  5    Int: 19    God:
Gold:   7          SH:  0    Dex: 20    Spells: 6/7 levels left

rFire  . . .     SeeInvis .     e - +0 hand axe
rCold  . . .     Gourm    .     g - +0 chain mail (curse)
rNeg   . . .     Faith    .     (no shield)
rPois  .         Spirit   .     (no helmet)
rElec  .         Reflect  .     (no cloak)
rCorr  .         Harm     .     (no gloves)
MR     .....                    (no boots)
Stlth  ..........               (no amulet)
                                (no ring)
                                (no ring)

@: agile
A: no striking features
a: no special abilities


You were on level 1 of the Dungeon.
You were not hungry.

You visited 1 branch of the dungeon, and saw 1 of its levels.

You collected 7 gold pieces.

Inventory:

Hand Weapons
 d - a +0 spear
   (You found it on level 1 of the Dungeon)
 e - a +0 hand axe (weapon)
   (You found it on level 1 of the Dungeon)
Armour
 a - a +0 robe
 g - a cursed +0 chain mail (worn)
   (You found it on level 1 of the Dungeon)
Scrolls
 i - a scroll of enchant armour {unknown}
Potions
 h - a potion of agility
Books
 b - a book of Flames
Comestibles
 c - a bread ration {@e1}
 f - a meat ration {@e2}


   Skills:
 * Level 1.4 Axes
 - Level 0.1(0.7) Polearms
 - Level 2.4 Dodging
 - Level 2.4 Stealth
 - Level 3.0 Spellcasting
 - Level 1.1 Conjurations
 - Level 3.2 Fire Magic


You had 6 spell levels left.
You knew the following spells:

 Your Spells              Type           Power        Failure   Level  Hunger
a - Flame Tongue          Conj/Fire      ##...        100%        1    None


Dungeon Overview and Level Annotations

Branches:
Dungeon (1/15)

Altars:


Message History

The hobgoblin hits you but does no damage.
You hit the hobgoblin.
The hobgoblin hits you but does no damage.
Your chain mail prevents you from hitting the hobgoblin.
The hobgoblin hits you but does no damage.
You hit the hobgoblin.
The hobgoblin hits you but does no damage.
You hit the hobgoblin.
The hobgoblin hits you but does no damage.
You hit the hobgoblin.
You kill the hobgoblin!
No target in view!
No target in view!
Things that are here:
a club; a hobgoblin corpse You start resting.
Health restored: 15 A frilled lizard comes into view.
The frilled lizard hisses angrily.
A hobgoblin comes into view. It is wielding a club.
The hobgoblin shouts!
A kobold comes into view. It is wielding a short sword.
The kobold shouts!
The kobold throws a stone.
The stone hits you but does no damage.
You see here a stone.
Your chain mail prevents you from hitting the frilled lizard.
The frilled lizard bites you but does no damage.
The hobgoblin hits you but does no damage.
Your chain mail prevents you from hitting the hobgoblin.
You miss the frilled lizard.
The frilled lizard bites you but does no damage.
The hobgoblin hits you with a club.
The frilled lizard bites you but does no damage.
You take 4 damage, and have 11/15 hp.
MASSIVE DAMAGE!!
A frilled lizard comes into view.
The frilled lizard hisses angrily.
You see here 4 tomahawks.
You see here a dagger.
The frilled lizard bites you.
You take 1 damage, and have 11/15 hp.
The frilled lizard bites you but does no damage.
You see here 18 stones.
Okay, then.
You closely miss the hobgoblin. The hobgoblin hits you with a club.
You take 2 damage, and have 10/15 hp.
You hit the hobgoblin.
The hobgoblin hits you but does no damage.
You hit the hobgoblin.
You kill the hobgoblin!
You barely miss the frilled lizard.
The frilled lizard bites you but does no damage.
Your chain mail prevents you from hitting the frilled lizard.
The frilled lizard bites you.
The frilled lizard hisses.
You take 1 damage, and have 9/15 hp.
Your chain mail prevents you from hitting the frilled lizard.
The frilled lizard bites you.
The frilled lizard bites you but does no damage.
You take 2 damage, and have 7/15 hp.
Your chain mail prevents you from hitting the frilled lizard.
The frilled lizard bites you but does no damage.
It was a potion of agility.
You feel agile all of a sudden.
The frilled lizard bites you but does no damage.
Your chain mail prevents you from hitting the frilled lizard.
The frilled lizard barely misses you.
You closely miss the frilled lizard. The frilled lizard barely misses you.
Your chain mail prevents you from hitting the frilled lizard.
The frilled lizard bites you but does no damage.
You barely miss the frilled lizard.
The frilled lizard bites you but does no damage. x2
You barely miss the frilled lizard.
The frilled lizard bites you but does no damage.
Your chain mail prevents you from hitting the frilled lizard.
The frilled lizard bites you but does no damage.
You miss the frilled lizard.
The frilled lizard bites you but does no damage.
The frilled lizard bites you.
You take 2 damage, and have 5/15 hp.
You hit the frilled lizard.
You kill the frilled lizard!
The kobold closely misses you.
You closely miss the kobold. The kobold hits you but does no damage.
You hit the kobold. The kobold barely misses you.
Your chain mail prevents you from hitting the kobold.
The kobold barely misses you.
You closely miss the kobold. The kobold barely misses you.
You closely miss the kobold. The kobold hits you but does no damage.
The kobold barely misses you.
You hit the kobold but do no damage. The kobold hits you but does no damage.
You closely miss the kobold. The kobold closely misses you.
You closely miss the kobold. The kobold barely misses you.
Your chain mail prevents you from hitting the kobold.
The kobold hits you but does no damage. The kobold hits you with a short sword.
* * * LOW HITPOINT WARNING * * *
You take 4 damage, and have 2/15 hp.
MASSIVE DAMAGE!!
You barely miss the kobold. The kobold hits you with a short sword.
You die...

#.# ##.##....###
#######.. #.#
#.........## ###.#
... # ###...###..##
#...# #... ..###
#....###..#####.###
#.### ....####....#
##.......### ..#
#..#...#..##
#######....
#...####..# ###..###
##..#####.######...##
##...@Kl........###
##.#####....###)###
...######.........#
....)..........######
####.#....#.l..##
..####......#### #.#
###l.#.....# ## #.
##...###..#.... #..
##..### #..#####


You could see a kobold and a frilled lizard.

Vanquished Creatures
  2 giant cockroaches (D:1)
  A goblin (D:1)
  2 hobgoblins (D:1)
  A frilled lizard (D:1)
  2 kobolds (D:1)
  4 rats (D:1)
12 creatures vanquished.

Notes
Turn   | Place    | Note
-------+----------+-------------------------------------------
     0 | D:1      | deepsabbath the Deep Elf Fire Elementalist began the quest for the Orb.
     0 | D:1      | Reached XP level 1. HP: 10/10 MP: 6/6
   377 | D:1      | Reached skill level 1 in Axes
   609 | D:1      | Reached XP level 2. HP: 12/15 MP: 8/8
   773 | D:1      | HP: 2/15 [kobold/short sword (4)]
   774 | D:1      | Slain by a kobold

Vault maps used:
D:1:      minmay_arrival_up_and_down, minmay_misc_feat_secret_circle

Skill      XL: |  1 |
---------------+----+-----
Axes           | 1 |  1.4
Polearms       | |  0.1
Dodging        | |  2.4
Stealth        | |  2.4
Spellcasting   | |  3.0
Conjurations   | |  1.1
Fire Magic     | |  3.2

Action                   || total
-------------------------++-------
Melee: Hand axe          ||    80
       Spear             ||     2
  Use: Potion            ||     1
Armor: Chain mail        ||    60
       Robe              ||     3
Dodge: Dodged            ||    17

Vault maps used:
D:1:      minmay_arrival_up_and_down, minmay_misc_feat_secret_circle

Table legend:
 A = Turns spent in this place as a percentage of turns spent in the entire game.
 B = Non-inter-level travel turns spent in this place as a percentage of non-inter-level travel turns spent in the entire game.
 C = Inter-level travel turns spent in this place as a percentage of turns spent in this place.
 D = Turns resting spent in this place as a percentage of non-inter-level travel turns spent in this place.
 E = Turns spent auto-exploring this place as a percentage of non-inter-level travel turns spent in this place.
 F = Non-inter-level travel turns spent in this place divided by the number of levels of this place that you've seen.
                   A       B       C       D       E      F
               +-------+-------+-------+-------+-------+----------------------
         Total | 100.0 | 100.0 |   0.0 |   5.6 |   4.0 | 251.0
       Dungeon | 100.0 | 100.0 |   0.0 |   5.6 |   4.0 | 251.0
               +-------+-------+-------+-------+-------+----------------------

Table legend:
 A = Kills in this place as a percentage of kills in entire the game.
 B = Kills by you in this place as a percentage of kills by you in the entire game.
 C = Kills by friends in this place as a percentage of kills by friends in the entire game.
 D = Other kills in this place as a percentage of other kills in the entire game.
 E = Experience gained in this place as a percentage of experience gained in the entire game.
 F = Experience gained in this place divided by the number of levels of this place that you have seen.
                   A       B       C       D       E      F
               +-------+-------+-------+-------+-------+----------------------
         Total | 100.0 | 100.0 |  -nan |  -nan | 100.0 |  18.0
       Dungeon | 100.0 | 100.0 |  -nan |  -nan | 100.0 |  18.0
               +-------+-------+-------+-------+-------+----------------------
